 Dungeon Crawl Stone Soup version 0.27-a0-333-gfa571bf19a (webtiles) character file.

Game seed: 4916779824630464571

72 namelastname112 the Sneak (level 4, 0/40 HPs)
             Began as a Draconian Delver on Feb 13, 2021.
             Succumbed to an adder's poison
             ... on level 5 of the Dungeon.
             The game lasted 00:01:19 (734 turns).

namelastname112 the Sneak (Draconian Delver)         Turns: 734, Time: 00:01:20

Health: 0/40       AC:  5    Str: 15    XL:     4   Next: 6%
Magic:  4/4        EV: 13    Int: 10    God:
Gold:   12         SH:  0    Dex: 13    Spells: 3/3 levels left

rFire    . . .     SeeInvis .   a - +0 falchion
rCold    . . .     Faith    .   (no shield)
rNeg     . . .     Spirit   .   (armour unavailable)
rPois    .         Reflect  .   (helmet restricted)
rElec    .         Harm     .   (no cloak)
rCorr    .         Rampage  .   (no gloves)
Will     .....                  (no boots)
Stlth    +++.......             (no amulet)
HPRegen  0.13/turn              (no ring)
MPRegen  0.09/turn              (no ring)

@: lethally poisoned (0 -> -1)
A: unfitting armour, cold-blooded, AC +5
a: no special abilities


You were on level 5 of the Dungeon.
You visited 1 branch of the dungeon, and saw 1 of its levels.

You collected 12 gold pieces.

Inventory:

Hand Weapons
 a - a +0 falchion (weapon)
Missiles
 g - 2 throwing nets (quivered)
Wands
 f - a wand of digging (3)
Scrolls
 b - a scroll of fog
 c - a scroll of magic mapping
 d - a scroll of fear
 h - a scroll of acquirement {unknown}
 i - a scroll of teleportation {unknown}
Potions
 e - a potion of haste


   Skills:
 + Level 4.1 Fighting
 + Level 3.0 Long Blades
 + Level 2.6 Dodging
 - Level 4.5 Stealth


You had 3 spell levels left.
You didn't know any spells.
Your spell library was empty.

Dungeon Overview and Level Annotations

Branches:
Dungeon (5/15)
 Temple: D:4-7

Altars:
Elyvilon


Innate Abilities, Weirdness & Mutations

Your plain brown scales are hard. (AC +5)
You cannot fit into any form of body armour.
You are cold-blooded and may be slowed by cold attacks.


Message History

You open the adder like a pillowcase! You tail-slap the adder!
You annihilate the adder!!! * * * don't die
* * * You feel sick!
Your Long Blades skill increases to level 3!!!
You have reached level 4!!!
You feel stronger!
MP restored: 4 * * * don't die
* * * You feel sick!
You take 1 damage, and have 6/40 hp!
There is a lethal amount of poison in your body!!!
Okay, then! * * * don't die
* * * You feel sick!
You take 1 damage, and have 5/40 hp! * * * don't die
* * * You feel sick!
You take 1 damage, and have 4/40 hp! * * * don't die
* * * You feel sick!
You see here a hound corpse!
You take 1 damage, and have 4/40 hp! * * * don't die
* * * You feel sick!
You take 1 damage, and have 3/40 hp!
Okay, then! * * * don't die
* * * You feel sick!
You take 1 damage, and have 2/40 hp! * * * don't die
* * * You feel sick!
You take 1 damage, and have 2/40 hp! * * * don't die
* * * You feel sick!
You take 1 damage, and have 1/40 hp! * * * don't die
* * * You feel sick!
You take 1 damage, and have 1/40 hp! rip

##### ##...## ##.###.##
#####
#####.#####.########...#
................@......#
..###.###.#.########...#
#.# ##.#...## ##.## #.#
##.....# #.# #.# ##...##
#.# #.# ##.## #.# #.#
#.# #.# ..# #.# #.## ..
#+# #..#


There were no monsters in sight!

Vanquished Creatures
  A hound (D:5)
  A worker ant (D:5)
  An adder (D:5)
  A white imp (D:5)
  A leopard gecko (D:5)
5 creatures vanquished.

Notes
Turn   | Place    | Note
-------+----------+-------------------------------------------
     0 | D:5      | namelastname112 the Draconian Delver began the quest for
                  | the Orb.
     0 | D:5      | Reached XP level 1. HP: 19/19 MP: 1/1
    27 | D:5      | Noticed a worker ant
    60 | D:5      | Found a white marble altar of Elyvilon.
   113 | D:5      | Killed a worker ant
   114 | D:5      | Reached XP level 2. HP: 15/27 MP: 2/2
   575 | D:5      | Reached XP level 3. HP: 20/33 MP: 3/3
   709 | D:5      | Reached XP level 4. HP: 7/40 MP: 4/4
   719 | D:5      | HP: 2/40 [poisoned by an adder]
   726 | D:5      | HP: 1/40 [poisoned by an adder]
   734 | D:5      | Succumbed to an adder's poison

Illustrated notes

Levels and vault maps discovered:
D:5:      layout_loops_corners, basic_altar

Skill      XL: |  1  2  3 |
---------------+----------+-----
Dodging        | 2 |  2.6
Fighting       | 4 |  4.1
Long Blades    | 3 |  3.0
Stealth        | |  4.5

Action                   |  1- 3 |  4- 6 || total
-------------------------+-------+-------++-------
Melee: Falchion          |    29 |       ||    29
       Tailslap          |     2 |       ||     2
Throw: Throwing net      |     2 |       ||     2
 Stab: Sleeping          |     2 |       ||     2
       Held in net/web   |     1 |       ||     1
Armor: Skin              |     9 |       ||     9
Dodge: Dodged            |    26 |       ||    26
       Rpst.: Falchion   |     8 |       ||     8

Table legend: (Time is in decaauts)
 A = Elapsed time spent in this place.
 B = Non-inter-level travel time spent in this place.
 C = Inter-level travel time spent in this place.
 D = Time resting spent in this place.
 E = Time spent auto-exploring this place.
 F = Levels seen in this place.
 G = Mean time per level.
                   A        B        C        D        E       F      G
               +--------+--------+--------+--------+--------+-----+--------+
         Total |    741 |    717 |     24 |    378 |    141 |   1 |  741.0 |
       Dungeon |    741 |    717 |     24 |    378 |    141 |   1 |  741.0 |
               +--------+--------+--------+--------+--------+-----+--------+

Top non-repeatable levels by time:
     D:5: 741 daAuts
